 Seeded DCSS version 0.28.0-49-g6dfe1f597d (webtiles) character file.

Game seed: 523019199727972820 (custom seed)

44971 thiscave3701365 the Executioner (level 13, -6/169 HPs)
             Began as a Minotaur Berserker on May 11, 2022.
             Was an Elder of Trog.
             Killed from afar by a Hell Sentinel (18 damage)
             ... with an iron shot
             ... on level 1 of the Abyss.
             The game lasted 00:28:02 (28601 turns).

thiscave3701365 the Executioner (MiBe)             Turns: 28601, Time: 00:28:02

Health: -6/169     AC: 25    Str: 30    XL:     13   Next: 99%
Magic:  0/30       EV:  4    Int:  4    God:    Trog [****..]
Gold:   704        SH: 15    Dex: 17    Spells: 12/12 levels left

rFire   . . .      SeeInvis .   B - +1 war axe (vamp)
rCold   + . .      Faith    .   G - +0 tower shield
rNeg    . . .      Spirit   +   A - +0 crystal plate armour
rPois   +          Reflect  .   (helmet restricted)
rElec   .          Harm     .   a - +0 cloak
rCorr   .          Rampage  +   J - +2 pair of gloves "Dethradghoan" {Rampage Regen+ MP+9 Str+4}
Will    .....                   E - +0 pair of boots
Stlth   ..........              r - amulet of guardian spirit
HPRegen 1.18/turn               z - ring "Seomukk" {rPois rC+ Dex+6}
MPRegen 0.22/turn               I - ring "Juneag" {rPois MP+9}

@: berserking, very quick
A: horns 2, retaliatory headbutt
a: Renounce Religion, Berserk, Trog's Hand, Brothers in Arms


You were on level 1 of the Abyss.
You worshipped Trog.
Trog was greatly pleased with you.
You visited 2 branches of the dungeon, and saw 16 of its levels.
You visited the Abyss 1 time.

You collected 1064 gold pieces.
You spent 360 gold pieces at shops.

Inventory:

Hand Weapons
 B - a +1 vampiric war axe (weapon)
Missiles
 j - a throwing net
Armour
 a - a +0 cloak (worn)
 A - a +0 crystal plate armour (worn)
 E - a +0 pair of boots (worn)
 G - a +0 tower shield (worn)
 J - the +2 pair of gloves "Dethradghoan" (worn) {Rampage Regen+ MP+9 Str+4}
   (You found it on level 2 of the Lair of Beasts)

   Str:       It affects your strength (+4).
   MP:        It affects your magic capacity (+9).
   Regen:     It increases your rate of health regeneration.
   Rampage:   It bestows one free step when moving towards enemies.
Jewellery
 r - an amulet of guardian spirit (around neck)
 x - an amulet of regeneration
 z - the ring "Seomukk" (left hand) {rPois rC+ Dex+6}
   (You acquired it on level 7 of the Dungeon)

   [ring of dexterity]

   Dex:       It affects your dexterity (+6).
   rC:        It protects you from cold.
   rPois:     It protects you from poison.
 I - the ring "Juneag" (right hand) {rPois MP+9}
   (You found it on level 3 of the Lair of Beasts)

   [ring of magical power]

   rPois:     It protects you from poison.
   MP:        It affects your magic capacity (+9).
Wands
 h - a wand of charming (4)
 k - a wand of paralysis (9)
 s - a wand of polymorph (7)
 y - a wand of flame (27)
 C - a wand of mindburst (12)
 F - a wand of iceblast (8)
 H - a wand of acid (6)
Scrolls
 c - a scroll of fog
 d - 2 scrolls of teleportation
 m - a scroll of blinking
 p - a scroll of vulnerability
 w - 2 scrolls of summoning
 D - 4 scrolls of identify
 K - 2 scrolls of fear
Potions
 b - a potion of lignification
 e - 3 potions of curing
 f - 2 potions of berserk rage
 g - 2 potions of resistance
 i - 2 potions of attraction
 l - 3 potions of cancellation
 n - 2 potions of invisibility
 o - a potion of mutation
 q - a potion of might
 t - 2 potions of heal wounds
 v - a potion of brilliance
 O - a potion of experience {unknown}
Miscellaneous
 u - a lightning rod (4/4)
 L - a condenser vane
 M - a piece from Xom's chessboard (15/15)
 N - a box of beasts


   Skills:
 + Level 9.8 Fighting
 + Level 24.3 Axes
 + Level 0.3 Throwing
 + Level 8.1 Armour
 + Level 4.0 Dodging
 + Level 1.8 Stealth
 + Level 7.2 Shields
 + Level 0.5 Unarmed Combat


You had 12 spell levels left.
You didn't know any spells.
Your spell library was empty.

Dungeon Overview and Level Annotations

Branches:
Dungeon (12/15)            Temple (0/1) D:4            Lair (4/6) D:10
  Swamp (0/4) Lair:2        Snake (0/4) Lair:3          Orc (0/2) D:12

Altars:
Ashenzari
Nemelex Xobeh

Shops:
D:7 *

Annotations:
D:3 3 runed translucent doors, Rudyous's ghost, amateur HOBe
D:9 1 runed translucent door, Bearnado's ghost, novice MiBe
Lair:4 Sonja


Innate Abilities, Weirdness & Mutations

You have a pair of horns on your head.
You reflexively headbutt those who attack you in melee.


Message History

The fireball engulfs the iron imp.
The iron imp completely resists.
You hear a shout!
You hit the balrug.
The balrug is moderately wounded.
You slash the iron imp!
You kill the iron imp!
That felt strangely unrewarding.
You slice the balrug!! Your headbutt misses the balrug.
The balrug is heavily wounded.
You slash the ufetubus!
You kill the ufetubus!
That felt strangely unrewarding.
You block the balrug's attack.
Unknown command.
You slice the balrug!! Your headbutt misses the balrug.
The balrug is severely wounded.
The balrug gestures at you. Something smites you!
* * * LOW HITPOINT WARNING * * *
You barely miss the balrug.
The balrug is severely wounded.
The balrug gestures at you. The bolt of fire hits you!
* * * LOW HITPOINT WARNING * * *
You closely miss the balrug. You headbutt the balrug!
The balrug is almost dead.
You hit the Hell Sentinel. You block the Hell Sentinel's attack.
The Hell Sentinel hits you but does no damage.
You block the balrug's attack.
You completely miss the Hell Sentinel. You headbutt the Hell Sentinel!
The Hell Sentinel is lightly wounded.
You slash the balrug!
You feel the power of Trog in you as your rage grows.
You kill the balrug!
That felt strangely unrewarding.
You hit the Hell Sentinel but do no damage.
You headbutt the Hell Sentinel, but do no damage.
The Hell Sentinel is lightly wounded.
The Hell Sentinel gestures at you. The iron shot hits you!!
You die...

.# .. #. . . #.
.#. # # ### #
##..#### .#### #..
#.##..##. .#... .
#
#.#..)1.#.....#..
. #. #.....@.....#
#. #. ..
..#.#.#.#..#.#....
.. . #.#.##..##.#
.##.#..# # ##
.#.###.... #.. ##
# # ## ...#. # #..
.##.. .#.. # #. .
.. # #


You could see a Hell Sentinel.

Vanquished Creatures
  2 tentacled starspawn (Abyss:1)
  A balrug (Abyss:1)
  Nessos (Lair:4)
  Josephine (D:10)
  Fannar (Lair:1)
  7 hydras
  3 two-headed ogres
  Erica (D:10)
  A tengu warrior (D:11)
  Urug (D:10)
  Nergalle (D:10)
  A thrashing horror (Abyss:1)
  2 large abominations (Abyss:1)
  A wretched star (Abyss:1)
  A necromancer (Lair:2)
  2 cyclopes (D:11)
  2 ugly things
  7 black mambas
  A worldbinder (Abyss:1)
  Joseph (Lair:1)
  A torpor snail (Lair:3)
  3 cane toads
  2 orange demons (Abyss:1)
  8 komodo dragons
  A rime drake (Lair:2)
  A tormentor (Abyss:1)
  A troll (D:10)
  Grinder (D:5)
  A hornet (D:9)
  22 blink frogs
  5 slime creatures (D:12)
  2 shadows
  3 wraiths (D:10)
  A ynoxinul (Abyss:1)
  2 wyverns (Lair:3)
  72 yaks
  2 steam dragons
  4 vampire mosquitoes
  A chaos spawn (Abyss:1)
  Menkaure (D:5)
  A basilisk (Lair:2)
  2 acid dragons
  3 nagas (Lair:3)
  7 water moccasins
  6 orc warriors
  3 black bears
  A sky beast (D:7)
  22 wolves
  A necrophage (D:6)
  4 ogres
  8 centaurs
  A phantom (D:4)
  2 kobold brigands
  10 bullfrogs
  A wyvern zombie (D:6)
  4 scorpions
  A wyvern skeleton (D:6)
  5 killer bees (D:9)
  9 wights
  2 electric eels (Lair:2)
  A howler monkey (D:4)
  3 centaur zombies
  10 starcursed masses (Abyss:1)
  2 quasits (Abyss:1)
  8 orc priests
  2 gnoll shamans
  A jelly (D:6)
  10 hounds
  2 iron imps (Abyss:1)
  5 iguanas
  9 orc wizards
  Ijyb (D:4)
  4 polar bear simulacra (Lair:2)
  3 small abominations (Abyss:1)
  2 wolf simulacra (Lair:2)
  3 yak simulacra (Lair:2)
  A hound zombie (D:5)
  A hound skeleton (D:4)
  6 gnolls
  A howler monkey zombie (D:9)
  8 adders
  A shadow imp (Abyss:1)
  A white imp (D:7)
  4 ufetubi
  An adder skeleton (D:4)
  3 worms
  A dart slug (D:4)
  53 orcs
  12 endoplasms
  3 giant cockroaches
  4 goblins
  5 hobgoblins
  6 quokkas
  8 ball pythons
  6 bats
  A frilled lizard (D:1)
  15 kobolds
  8 rats
  2 river rat simulacra (Lair:2)
  A lurking horror (Abyss:1)
  2 starspawn tentacles (Abyss:1)
485 creatures vanquished.

Vanquished Creatures (others)
  A cane toad (Lair:3)
  An orc wizard (D:4)
  14 fungi
  45 plants
  6 starspawn tentacles (Abyss:1)
67 creatures vanquished.

Grand Total: 552 creatures vanquished

Notes
Turn   | Place    | Note
-------+----------+-------------------------------------------
     0 | D:1      | thiscave3701365 the Minotaur Berserker began the quest for
                  | the Orb.
     0 | D:1      | Reached XP level 1. HP: 19/19 MP: 0/0
   287 | D:1      | Reached skill level 4 in Axes
   287 | D:1      | Reached XP level 2. HP: 26/27 MP: 1/1
   721 | D:1      | Found a faded altar of an unknown god.
  1187 | D:2      | Reached XP level 3. HP: 25/34 MP: 2/2
  1751 | D:2      | Found a broken altar of Ashenzari.
  2336 | D:3      | Reached XP level 4. HP: 39/41 MP: 3/3
  2427 | D:3      | Reached ** piety under Trog
  2493 | D:3      | Found a runed translucent gate.
  2562 | D:3      | Found a runed translucent gate.
  2562 | D:3      | Found a runed translucent gate.
  2595 | D:3      | Noticed Rudyous's ghost (amateur HOBe)
  2915 | D:3      | Reached skill level 5 in Fighting
  3268 | D:4      | Reached skill level 5 in Axes
  3268 | D:4      | Reached skill level 1 in Stealth
  3269 | D:4      | Reached XP level 5. HP: 47/48 MP: 4/4
  3275 | D:4      | Noticed a phantom
  3286 | D:4      | Killed a phantom
  3831 | D:4      | Reached XP level 6. HP: 48/56 MP: 5/5
  4277 | D:4      | Found a staircase to the Ecumenical Temple.
  4331 | D:4      | Noticed Ijyb
  4344 | D:4      | Killed Ijyb
  4345 | D:4      | Reached skill level 6 in Axes
  4993 | D:4      | Reached XP level 7. HP: 63/63 MP: 6/6
  5516 | D:5      | Entered Level 5 of the Dungeon
  5516 | D:5      | Noticed Menkaure
  5809 | D:4      | HP: 3/63 [hound (1)]
  5813 | D:4      | Reached skill level 7 in Axes
  6949 | D:5      | Killed Menkaure
  6950 | D:5      | Reached skill level 8 in Axes
  7849 | D:5      | Noticed Grinder
  7858 | D:5      | Killed Grinder
  7859 | D:5      | Reached skill level 9 in Axes
  7859 | D:5      | Reached XP level 8. HP: 70/70 MP: 7/7
  8024 | D:5      | Reached skill level 10 in Axes
  9517 | D:6      | Reached skill level 11 in Axes
 10308 | D:6      | Reached skill level 12 in Axes
 10676 | D:7      | Found Poej's Elemental Accessories.
 10683 | D:7      | Bought a lightning rod (4/4) for 360 gold pieces
 10714 | D:7      | Found a sparkling altar of Nemelex Xobeh.
 11057 | D:7      | Reached XP level 9. HP: 75/75 MP: 8/8
 11270 | D:7      | Reached skill level 13 in Axes
 11456 | D:7      | Identified a scroll of acquirement
 11456 | D:7      | Acquired the ring "Seomukk" {rPois rC+ Dex+6}
 11818 | D:8      | Noticed a two-headed ogre
 11827 | D:8      | Killed a two-headed ogre
 11828 | D:8      | Reached skill level 14 in Axes
 12015 | D:8      | Reached skill level 15 in Axes
 12515 | D:9      | Reached XP level 10. HP: 70/83 MP: 9/9
 12780 | D:9      | Reached skill level 16 in Axes
 13496 | D:9      | Noticed a seven-headed hydra
 13504 | D:9      | Killed a 13-headed hydra
 13697 | D:9      | Reached skill level 17 in Axes
 13913 | D:9      | Found a runed translucent door.
 13918 | D:9      | Noticed Bearnado's ghost (novice MiBe)
 14320 | D:8      | Reached skill level 18 in Axes
 14412 | D:8      | Noticed a seven-headed hydra
 14422 | D:8      | Killed a 13-headed hydra
 14788 | D:8      | Reached XP level 11. HP: 77/89 MP: 10/10
 14790 | D:8      | Reached *** piety under Trog
 14970 | D:10     | Entered Level 10 of the Dungeon
 14971 | D:10     | Noticed Josephine
 14985 | D:10     | Reached skill level 19 in Axes
 14992 | D:10     | Killed Josephine
 15301 | D:10     | Noticed Erica
 15332 | D:10     | Killed Erica
 15613 | D:10     | Noticed Urug
 15630 | D:10     | Killed Urug
 15636 | D:10     | Reached skill level 20 in Axes
 15970 | D:10     | Noticed Nergalle
 15992 | D:10     | Killed Nergalle
 16056 | D:10     | Found a staircase to the Lair.
 16910 | D:10     | Reached skill level 21 in Axes
 17224 | D:11     | Noticed a tengu warrior
 17537 | D:11     | Killed a tengu warrior
 17616 | D:11     | Noticed a white ugly thing
 17623 | D:11     | Killed a white ugly thing
 17960 | D:11     | Reached XP level 12. HP: 93/96 MP: 11/11
 18088 | D:12     | Noticed a two-headed ogre
 18099 | D:12     | Killed a two-headed ogre
 18538 | D:12     | Found a staircase to the Orcish Mines.
 18865 | D:12     | Reached skill level 22 in Axes
 19498 | D:12     | Noticed a two-headed ogre
 19506 | D:12     | Killed a two-headed ogre
 20119 | Lair:1   | Entered Level 1 of the Lair of Beasts
 20234 | Lair:1   | Noticed Fannar
 20251 | Lair:1   | Killed Fannar
 20691 | Lair:1   | Reached skill level 23 in Axes
 21083 | Lair:1   | Noticed Joseph
 21095 | Lair:1   | Killed Joseph
 21626 | Lair:2   | Reached **** piety under Trog
 21626 | Lair:2   | Noticed a seven-headed hydra
 21632 | Lair:2   | Reached skill level 1 in Shields
 22311 | Lair:2   | Noticed a five-headed hydra
 22322 | Lair:2   | Killed a 12-headed hydra
 22323 | Lair:2   | Reached XP level 13. HP: 77/104 MP: 12/12
 22648 | Lair:2   | Found a staircase to the Swamp.
 22665 | Lair:2   | Reached skill level 5 in Armour
 23767 | Lair:2   | Identified the +2 pair of gloves "Dethradghoan" {Rampage
                  | Regen+ MP+9 Str+4}
 25573 | Lair:3   | Reached skill level 5 in Shields
 25599 | Lair:3   | Reached skill level 24 in Axes
 26177 | Lair:3   | Found a staircase to the Snake Pit.
 26425 | Lair:3   | Identified the ring "Juneag" {rPois MP+9}
 27076 | Lair:4   | Reached ***** piety under Trog
 27428 | Lair:4   | Noticed Nessos
 27438 | Lair:4   | Killed Nessos
 27822 | Lair:4   | Noticed Sonja
 27841 | Lair:4   | Cast into level 1 of the Abyss (Sonja)
 27926 | Abyss:1  | Noticed a starcursed mass
 27958 | Abyss:1  | Noticed a starcursed mass
 27970 | Abyss:1  | Paralysed by accursed screaming for 2 turns
 28013 | Abyss:1  | Noticed a tentacled starspawn
 28022 | Abyss:1  | Killed a tentacled starspawn
 28030 | Abyss:1  | HP: 4/113 [thrashing horror (10)]
 28178 | Abyss:1  | Noticed a starcursed mass
 28458 | Abyss:1  | Noticed a tentacled starspawn
 28471 | Abyss:1  | Killed a tentacled starspawn
 28588 | Abyss:1  | Noticed a balrug
 28590 | Abyss:1  | Noticed a Hell Sentinel
 28600 | Abyss:1  | Killed a balrug
 28601 | Abyss:1  | Killed from afar by a Hell Sentinel

Illustrated notes

Levels and vault maps discovered:
D:1:      minmay_arrival_floating_metal, layout_loops_corners,
          shapermc_ecumenical_altar_notcrosses, minivault_11
D:2:      layout_basic, basic_altar
D:3:      layout_basic, gammafunk_ghost_icy
D:4:      minmay_chambers_of_twos, layout_loops_cross,
          minmay_temple_entry_fiery, minmay_fractal_squares_5, uniq_ijyb
D:5:      layout_rooms, serial_bayou_lagoon_a, uniq_grinder, uniq_menkaure
D:6:      layout_loops_ring, grunt_decor_fettered, kennysheep_small_circle
D:7:      layout_loops_ring, mainiacjoe_overflow_small_starburst,
          nicolae_elemental_shop
D:8:      layout_rooms
D:9:      layout_stronghold, ebering_ghost_reflecting_pool
D:10:     layout_small_grid, erik_lair_island, uniq_urug, uniq_nergalle,
          uniq_josephine, uniq_erica
D:11:     layout_rooms, minivault_25_ag
D:12:     layout_roguey, hiddenorc2_lemuel
Lair:1:   layout_roguey, grunt_megastairs_4, lemuel_fruit_tree, uniq_fannar,
          uniq_joseph
Lair:2:   layout_cave_pods, swamp_mist, eino_house_with_fridge,
          serial_bayou_shore_a, infiniplex_staircase_pool_2
Lair:3:   nzn_winding_woodlands_three_and_one
          [nzn_winding_woodlands_5x15_pathside_ponds,
          nzn_winding_woodlands_5x15_sawtooth,
          nzn_winding_woodlands_5x15_zeroes,
          nzn_winding_woodlands_center_diamonds], layout_chaotic_city,
          guppyfry_snake_entry_island
Lair:4:   layout_cave_pods, chequers_serial_rivers_micro_e, grunt_megastairs_3,
          uniq_sonja, uniq_nessos
Abyss:1:  base:
Lair:3

Skill      XL: |  1  2  3  4  5  6  7  8  9 10 11 12 13 |
---------------+----------------------------------------+-----
Axes           | 4 5 6 9 12 15 18 21 23 24 | 24.3
Fighting       | 4 5 6 9 |  9.8
Stealth        | 1 |  1.8
Dodging        | 3 4 |  4.0
Armour         | 4 8 |  8.1
Shields        | 2 7 |  7.2
Throwing       | |  0.3
Unarmed Combat | |  0.5

Action                   |  1- 3 |  4- 6 |  7- 9 | 10-12 | 13-15 || total
-------------------------+-------+-------+-------+-------+-------++-------
Melee: Hand axe          |    87 |   101 |   141 |       |       ||   329
       Headbutt          |     6 |    15 |    57 |   111 |   100 ||   289
       Punch             |       |     3 |     3 |     2 |       ||     8
       Unarmed           |       |    10 |       |       |       ||    10
       War axe           |       |       |   101 |   476 |   454 ||  1031
Throw: Throwing net      |       |     3 |       |       |       ||     3
Invok: Berserk           |       |     7 |    22 |    31 |    18 ||    78
  Use: Scroll            |       |       |    15 |    10 |     2 ||    27
       Potion            |       |       |       |       |     2 ||     2
 Stab: Sleeping          |       |     4 |       |       |       ||     4
Armor: Animal skin       |    20 |     8 |       |       |       ||    28
       Chain mail        |       |       |    40 |       |       ||    40
       Crystal plate arm |       |       |    79 |   371 |   435 ||   885
Dodge: Dodged            |    61 |    54 |    77 |    52 |    91 ||   335
Block: Tower shield      |       |       |       |   231 |   454 ||   685
